Map: Lost and Found LE

Players

Bly - Winner!

  • Race: Zerg Zerg
  • Spawn Location: 1:00

ShaDoWn

  • Race: Protoss Protoss
  • Spawn Location: 7:00

Event: WCS Valencia 2018

VOD

Have the link to the VOD?

Description

Time

  • Played on: July 12, 2018, 1:36 p.m.
  • Length: 13:24

All games in this series

Show
View Real Time Build Order
Export as new Build Order

Bly Zerg - Winner!

Build Orders: 3 Hatch before Pool 

Get SALT Encoding   

  12  0:01  Drone  
  13  0:12  Overlord  
  13  0:17  Drone  
  14  0:30  Drone x2  
  16  0:38  Drone  
  17  0:51  Hatchery  
  16  0:57  Drone  
  17  1:16  Hatchery  
  16  1:19  Drone  
  16  1:24  Extractor  
  16  1:35  Evolution Chamber  
  16  1:36  Spawning Pool  
  16  1:39  Drone x3  
  18  1:51  Drone  
  19  2:00  Drone  
  20  2:08  Drone  
  21  2:12  Drone  
  22  2:26  Queen x2  
  26  2:31  Hatchery  
  26  2:36  Metabolic Boost  
  25  2:40  Drone  
  25  2:42  Drone  
  27  2:47  Overlord  
  27  2:53  Zergling x2  
  27  2:56  Overlord  
  28  3:07  Drone x4  
  28  3:10  Queen  
  34  3:15  Zergling x2  
  34  3:16  Zergling x2  
  34  3:19  Zergling x2  
  37  3:26  Spore Crawler  
  35  3:30  Spore Crawler  
  31  3:36  Spore Crawler  
  31  3:41  Overlord  
  32  3:43  Spore Crawler  
  31  3:49  Drone  
  31  3:50  Drone x2  
  31  3:55  Drone x3  
  38  3:59  Overlord  
  38  4:01  Drone  
  39  4:09  Drone x2  
  42  4:10  Drone x2  
  42  4:11  Drone  
  45  4:17  Drone x3  
  45  4:20  Drone  
  45  4:24  Drone x3  
  51  4:30  Spore Crawler  
  51  4:31  Spore Crawler  
  49  4:35  Overlord  
  49  4:36  Spore Crawler  
  48  4:40  Drone x3  
  47  4:46  Spore Crawler  
  46  4:55  Drone x8  
  54  5:03  Lair  
  54  5:06  Overlord  
  54  5:12  Zergling x12  
  54  5:13  Zergling x2  
  61  5:19  Zergling x6  
  64  5:21  Extractor  
  64  5:22  Extractor  
  61  5:29  Drone x3  
  61  5:33  Drone  
  61  5:34  Drone x3  
  68  5:42  Overlord  
  68  5:45  Drone x5  
  73  5:53  Overlord  
  73  6:01  Drone x5  
  73  6:03  Extractor x2  
  74  6:06  Extractor, Hydralisk Den  
  74  6:11  Zergling x14  
  73  6:13  Hatchery  
  73  6:16  Zergling x2  
  79  6:21  Baneling Nest  
  78  6:26  Overlord  
  78  6:28  Drone  
  78  6:30  Overlord  
  77  6:33  Drone x2  
  74  6:40  Drone  
  74  6:41  Drone x2  
  74  6:46  Muscular Augments, Overlord  
  77  6:48  Evolution Chamber  
  76  6:54  Hydralisk x8  
  76  6:59  Hydralisk x2  
  86  7:10  Hydralisk x4  
  93  7:21  Hydralisk x3  
  98  7:30  Zergling x2  
  98  7:31  Zergling x6  
  98  7:33  Baneling x4  
  102  7:43  Hydralisk  
  102  7:44  Hydralisk  
  102  7:48  Zergling x18  
  115  7:52  Baneling x3  
  115  7:57  Grooved Spines  
  115  8:00  Baneling x4  
  115  8:03  Overlord, Zergling x8  
  115  8:04  Overlord  
  115  8:05  Overlord  
  119  8:08  Overlord  
  119  8:09  Baneling x4  
  103  8:21  Hydralisk x3  
  88  8:29  Hydralisk  
  88  8:33  Drone x3  
  84  8:34  Drone x3  
  84  8:39  Hydralisk  
  89  8:41  Zergling x2  
  89  8:42  Zergling x8  
  92  8:53  Drone x4  
  92  8:54  Drone  
  96  8:56  Zerg Melee Weapons Level 1  
  96  9:00  Queen x2  
  100  9:07  Baneling x4  
  100  9:08  Baneling  
  100  9:12  Queen x2  
  100  9:16  Overseer  
  104  9:27  Drone x3  
  104  9:29  Centrifical Hooks  
  106  9:31  Spire  
  106  9:32  Drone x6  
  110  9:42  Drone x5  
  115  10:00  Zergling x16  
  119  10:09  Drone x2  
  119  10:10  Drone  
  117  10:19  Extractor x2  
  115  10:27  Overlord  
  115  10:40  Zergling x22  
  126  10:45  Overlord  
  126  10:47  Baneling  
  126  10:48  Baneling x6  
  126  10:51  Mutalisk  
  126  10:52  Mutalisk x4  
  126  10:54  Zerg Melee Weapons Level 2  
  126  10:55  Mutalisk, Zerg Flyer Weapons Level 1  
  138  10:58  Mutalisk x2  
  142  11:11  Hydralisk x4  
  150  11:25  Hydralisk  
  152  11:26  Overlord  
  152  11:30  Mutalisk  
  152  11:31  Mutalisk x3  
  159  11:34  Drone x8  
  159  11:38  Hatchery  
  166  11:44  Baneling x7  
  166  11:45  Baneling x4  
  166  11:55  Mutalisk x2  
  166  11:57  Overlord  
  164  12:05  Mutalisk x2  
  164  12:06  Overlord  
  167  12:13  Overlord x2, Zergling x18  
  176  12:21  Baneling x16  
  173  12:34  Mutalisk x3  
  173  12:36  Zergling x16  
  175  12:55  Mutalisk x4  
  175  12:57  Zergling x10  
  175  12:58  Zergling x12  
Show
View Real Time Build Order
Export as new Build Order

ShaDoWn Protoss 

Build Orders: Oracle Opening, Zealot Archon, Archon Drop 

Get SALT Encoding   

  12  0:00  Probe  
  13  0:13  Probe  
  14  0:19  Pylon  
  14  0:25  Probe  
  15  0:34  Probe  
  15  0:41  Gateway  
  15  0:42  Probe  
  16  0:49  Assimilator  
  17  0:51  Probe  
  18  1:04  Probe  
  19  1:16  Probe  
  20  1:19  Zealot  
  20  1:25  Pylon  
  20  1:28  Probe  
  20  1:32  Cybernetics Core  
  23  1:43  Probe  
  24  1:55  Probe  
  25  2:08  Adept, Assimilator, Probe  
  26  2:10  Warp Gate  
  28  2:20  Probe  
  29  2:26  Adept  
  29  2:28  Nexus  
  31  2:41  Pylon  
  31  2:59  Probe  
  32  3:07  Stargate  
  32  3:11  Probe  
  33  3:23  Adept, Probe  
  36  3:35  Probe  
  36  3:40  Oracle  
  36  3:41  Probe  
  35  3:47  Probe  
  35  3:49  Probe  
  39  3:57  Probe  
  39  3:58  Gateway x2  
  39  3:59  Probe  
  41  4:09  Probe  
  41  4:11  Probe  
  41  4:14  Assimilator  
  41  4:15  Assimilator  
  42  4:17  Probe, Phoenix  
  42  4:23  Probe  
  46  4:25  Probe  
  46  4:28  Robotics Facility  
  47  4:32  Twilight Council  
  47  4:35  Probe  
  47  4:36  Probe  
  49  4:48  Probe x2  
  51  4:52  Gateway  
  51  4:57  Adept  
  53  5:01  Pylon  
  53  5:04  Probe  
  54  5:10  Warp Prism  
  54  5:16  Templar Archives  
  54  5:19  Probe  
  57  5:35  Probe  
  58  5:40  Adept  
  58  5:41  Adept  
  62  5:45  Pylon  
  62  5:54  Charge  
  62  6:07  Gateway  
  62  6:10  Gateway x2  
  62  6:12  High Templar x4  
  62  6:13  Gateway  
  62  6:15  Archon  
  62  6:16  Archon  
  70  6:19  Pylon  
  70  6:22  Pylon x2  
  70  6:23  Pylon  
  70  6:24  Pylon  
  70  6:37  Nexus  
  70  6:40  Pylon  
  70  6:42  Immortal  
  75  6:47  Probe  
  75  6:57  High Templar  
  75  6:58  High Templar x2  
  81  7:02  Nexus  
  81  7:03  Probe  
  82  7:10  Pylon  
  82  7:19  Zealot x4, High Templar  
  88  7:23  Probe x2  
  88  7:24  Pylon  
  88  7:25  Archon  
  88  7:26  Archon  
  88  7:35  Probe x2  
  90  7:40  High Templar x2  
  90  7:41  Zealot x5  
  102  7:44  Archon  
  102  7:51  Probe  
  103  8:01  High Templar x2  
  103  8:02  Zealot x4  
  115  8:07  Archon  
  115  8:09  Psionic Storm  
  101  8:23  Zealot x6  
  83  8:31  Immortal  
  83  8:32  Probe  
  77  8:42  High Templar  
  77  8:46  Zealot x7  
  92  8:50  Shield Battery  
  88  8:58  Probe x2  
  88  9:00  Assimilator  
  88  9:05  Assimilator  
  88  9:07  High Templar  
  88  9:09  Probe  
  91  9:11  Probe  
  91  9:12  Shield Battery, High Templar  
  91  9:14  Probe  
  91  9:16  Immortal  
  100  9:26  Probe  
  100  9:33  High Templar  
  102  9:53  Zealot x7  
  102  9:57  Nexus  
  102  9:58  Pylon  
  112  10:10  Probe  
  112  10:13  Probe  
  104  10:15  High Templar x2  
  104  10:17  Pylon  
  108  10:22  High Templar  
  108  10:23  High Templar  
  108  10:25  High Templar  
  114  10:28  Zealot x3  
  114  10:31  Pylon  
  114  10:32  Pylon  
  114  10:34  Oracle  
  121  10:35  Probe  
  121  10:41  Probe  
  122  10:45  Shield Battery  
  122  10:46  Forge  
  122  10:47  Forge  
  122  10:48  Probe  
  123  10:51  Probe  
  123  10:53  High Templar x2, Assimilator  
  123  10:56  Shield Battery  
  128  10:57  Assimilator  
  128  11:00  Archon  
  128  11:03  Shield Battery, High Templar  
  128  11:04  Protoss Ground Weapons Level 1, High Templar  
  132  11:05  Shield Battery  
  132  11:08  Archon  
  132  11:11  Zealot x4  
  132  11:28  Photon Cannon  
  130  11:33  Photon Cannon x2  
  130  11:35  Photon Cannon  
  130  11:36  Photon Cannon, Stargate  
  130  11:38  Photon Cannon, Stargate  
  130  11:42  Phoenix  
  130  11:44  Probe x4  
  134  11:50  Photon Cannon  
  131  11:56  Probe  
  131  11:58  Stalker x2  
  131  11:59  Phoenix  
  128  12:12  Probe  
  128  12:14  Probe x2  
  130  12:15  Probe  
  130  12:18  High Templar x2  
  130  12:20  High Templar x2  
  130  12:22  Phoenix  
  140  12:27  Phoenix  
  138  12:40  Fleet Beacon, Archon  
  136  12:45  Phoenix  
  136  12:47  Phoenix  
  136  12:49  Phoenix  
  130  12:56  Probe x3  
  130  12:57  Probe  
  106  13:07  Zealot x2  
  106  13:08  Zealot, Probe  
  95  13:14  Zealot x2  
  83  13:21  Zealot x2  
Tags
 
Add a new tag
Caveats
  • Supply blocks, unpowered buildings, or Contaminate may cause inaccurate times.
  • Supply counts are checked every 10 seconds.